 Dungeon Crawl Stone Soup version 0.30-a0-722-g3e6e8c874d (webtiles) character file.

Game seed: 13091941812077842232

11748 browni3141 the Grappler (level 11, -4/115 HPs)
             Began as a Troll Berserker on Jan 28, 2023.
             Was an Elder of Trog.
             Slain by a yak (5 damage)
             ... on level 11 of the Dungeon.
             The game lasted 00:12:49 (8296 turns).

browni3141 the Grappler (Troll Berserker)           Turns: 8296, Time: 00:12:50

Health: -4/115     AC:  6    Str: 31    XL:     11   Next: 53%
Magic:  10/10      EV: 16    Int:  3    God:    Trog [****..]
Gold:   430        SH:  0    Dex:  9    Spells: 10/10 levels left

rFire   . . .      SeeInvis .      - Unarmed
rCold   . . .      Faith    .    (no shield)
rNeg    . . .      Spirit   .    a - +0 animal skin
rPois   .          Reflect  .    (helmet restricted)
rElec   .          Harm     .    L - +1 cloak
rCorr   .          Rampage  .    (gloves unavailable)
Will    .....                    (boots unavailable)
Stlth   +                        (no amulet)
HPRegen 1.19/turn                i - ring of flight
MPRegen 0.12/turn                v - +5 ring of evasion

@: on berserk cooldown, flying, slowed, very slow
A: large, unfitting armour, claws 3, regeneration 1, shaggy fur 1, tough skin 1
a: Renounce Religion, Berserk, Trog's Hand, Brothers in Arms


You were on level 11 of the Dungeon.
You worshipped Trog.
Trog was greatly pleased with you.
You visited 1 branch of the dungeon, and saw 11 of its levels.

You collected 734 gold pieces.
You spent 304 gold pieces at shops.

Inventory:

Missiles
 n - 2 throwing nets
 q - 10 boomerangs
 A - 2 silver boomerangs
 B - 9 curare-tipped darts (quivered)
 G - 6 silver javelins
Armour
 a - a +0 animal skin (worn)
 e - an orb of mayhem
 L - a +1 cloak (worn)
Jewellery
 i - a ring of flight (left claw)
 s - a ring of ice
 v - a +5 ring of evasion (right claw)
 H - a +6 ring of strength
Wands
 F - a wand of flame (19)
 I - a wand of charming (8)
Scrolls
 b - 2 scrolls of immolation {unknown}
 c - a scroll of butterflies {unknown}
 f - 2 scrolls of fog {unknown}
 g - a scroll of amnesia {unknown}
 h - 2 scrolls of blinking {unknown}
 j - 7 scrolls of teleportation {unknown}
 k - 3 scrolls of enchant weapon {unknown}
 l - 3 scrolls of magic mapping {unknown}
 r - 8 scrolls of identify {unknown}
 w - a scroll of brand weapon {unknown}
 E - 2 scrolls of noise {unknown}
 K - a scroll of vulnerability {unknown}
Potions
 d - 4 potions of might {unknown}
 m - a potion of haste {unknown}
 o - 3 potions of curing
 p - 5 potions of brilliance {unknown}
 u - 5 potions of mutation {unknown}
 x - 2 potions of magic {unknown}
 z - 2 potions of attraction {unknown}
 C - a potion of heal wounds {unknown}
 D - a potion of lignification {unknown}
 J - 2 potions of flight {unknown}
Miscellaneous
 t - a phial of floods


   Skills:
 * Level 9.3 Fighting
 * Level 6.8 Throwing
 + Level 6.9 Dodging
 - Level 1.0 Stealth
 * Level 11.1 Unarmed Combat


You had 10 spell levels left.
You didn't know any spells.
Your spell library was empty.

Dungeon Overview and Level Annotations

Branches:
Dungeon (11/15)            Temple (0/1) D:4            Lair (0/5) D:9
    Orc (0/2) D:11

Altars:
Gozag
Makhleb
Okawaru
Qazlal
Ru
Sif Muna
Vehumet
Wu Jian
The Shining One
Lugonu

Shops:
D:5 *   D:6 (   D:10 ?   D:11 *

Portals:
Abyss: D:6


Innate Abilities, Weirdness & Mutations

You are too large for most types of armour.
You have claws for hands.
Your natural rate of healing is unusually fast.
You are covered in fur. (AC +1)
You have tough skin. (AC +1)


Message History

* * * LOW HITPOINT WARNING * * *
The yak closely misses you. The gnoll sergeant misses you.
You claw the yak!
The yak is almost dead.
The yak gores you!
* * * LOW HITPOINT WARNING * * *
The gnoll sergeant hits you from afar with a +2 trident of protection.
* * * LOW HITPOINT WARNING * * *
The yak misses you.
You scratch the yak.
You kill the yak!
Trog accepts your kill.
The gnoll sergeant hits you from afar with a +2 trident of protection.
* * * LOW HITPOINT WARNING * * *
The yak misses you.
You mangle the yak!!
The yak is severely wounded.
You barely miss the yak.
The yak is severely wounded.
The yak closely misses you.
The gnoll sergeant hits you from afar with a +2 trident of protection!
* * * LOW HITPOINT WARNING * * *
You completely miss the yak.
The yak is severely wounded.
The yak gores you but does no damage.
The gnoll sergeant hits you from afar with a +2 trident of protection!
* * * LOW HITPOINT WARNING * * *
You barely miss the yak.
The yak is severely wounded.
The gnoll sergeant hits you from afar with a +2 trident of protection!
* * * LOW HITPOINT WARNING * * *
The yak gores you!
* * * LOW HITPOINT WARNING * * *
You claw the yak!
The yak is almost dead.
You are no longer berserk.
You are exhausted.
You feel as though you will be slow longer.
The gnoll sergeant misses you. The yak gores you.
You die...

...........####..##
.....#####.# #..##
.....# #.###.##.
.....+ #.##.)#..
.....# #.##.##.#
..... #.##.#..# ###
#.##)#.g#
...#.##.##
...#..#@Y##
##.##†.######$
#..##.....Y..
##...#.8..8.#
#..^######## ##...^
#...... ##.......
##......


You could see a yak and a gnoll sergeant.

Vanquished Creatures
  3 two-headed ogres
  2 boulder beetles
  A gargoyle (D:11)
  A hornet (D:7)
  Sigmund (D:3)
  A shadow (D:11)
  4 yaks
  2 wraiths
  A vampire (D:10)
  A steam dragon (D:7)
  5 vampire mosquitoes (D:10)
  3 water moccasins (D:9)
  2 ice beasts (D:7)
  5 orc warriors
  3 sky beasts
  2 black bears
  2 ogres (D:7)
  3 centaurs
  8 kobold brigands
  2 phantoms (D:6)
  8 bullfrogs
  2 necrophages
  2 gnoll sergeants
  3 scorpions
  10 wights
  5 killer bees
  3 howler monkeys
  4 hounds
  2 gnoll boudas
  7 orc priests
  A jelly (D:7)
  4 iguanas
  9 orc wizards
  14 gnolls
  10 adders
  A shadow imp (D:6)
  2 white imps
  A howler monkey simulacrum (D:7)
  3 dart slugs
  44 orcs
  6 endoplasms
  3 giant cockroaches
  5 goblins
  12 hobgoblins
  20 kobolds
  4 quokkas
  8 ball pythons
  2 bats (D:1)
  2 frilled lizards
  5 rats
254 creatures vanquished.

Vanquished Creatures (collateral kills)
  6 yaks (D:9)
  A scorpion (D:9)
  2 gnolls (D:3)
  2 orcs (D:3)
  2 endoplasms (D:4)
13 creatures vanquished.

Vanquished Creatures (others)
  A water moccasin (D:9)
  17 fungi (D:9)
  31 plants
49 creatures vanquished.

Grand Total: 316 creatures vanquished

Notes
Turn   | Place    | Note
-------+----------+-------------------------------------------
     0 | D:1      | browni3141 the Troll Berserker began the quest for the Orb.
     0 | D:1      | Reached XP level 1. HP: 22/22 MP: 0/0
   118 | D:1      | Reached skill level 1 in Stealth
   118 | D:1      | Reached XP level 2. HP: 29/29 MP: 1/1
   580 | D:2      | Reached ** piety under Trog
   625 | D:2      | Reached XP level 3. HP: 36/36 MP: 2/2
  1096 | D:2      | Found a burning altar of Makhleb.
  1532 | D:3      | Found an opulent altar of Gozag.
  1534 | D:3      | Noticed Sigmund
  1547 | D:3      | Reached XP level 4. HP: 34/45 MP: 3/3
  1561 | D:3      | Killed Sigmund
  1562 | D:3      | Reached skill level 4 in Unarmed Combat
  1562 | D:3      | Reached XP level 5. HP: 47/54 MP: 4/4
  1643 | D:3      | Reached XP level 6. HP: 53/62 MP: 5/5
  2514 | D:4      | Reached skill level 5 in Unarmed Combat
  2636 | D:4      | Identified the +3 trident "Onwienlom" {drain, *Noise rPois
                  | SInv}
  2651 | D:4      | Found a radiant altar of Vehumet.
  2713 | D:4      | Reached *** piety under Trog
  2714 | D:4      | Reached XP level 7. HP: 61/71 MP: 6/6
  2732 | D:4      | Found a sacrificial altar of Ru.
  2733 | D:4      | Found a shimmering blue altar of Sif Muna.
  2734 | D:4      | Found a stormy altar of Qazlal.
  2856 | D:4      | Found a staircase to the Ecumenical Temple.
  2953 | D:5      | Entered Level 5 of the Dungeon
  2996 | D:5      | Found Othaqe's Assorted Antiques.
  3011 | D:5      | Bought a viscous golden potion for 28 gold pieces
  3115 | D:5      | Reached skill level 5 in Fighting
  3115 | D:5      | Reached skill level 6 in Unarmed Combat
  3883 | D:6      | Reached XP level 8. HP: 80/80 MP: 7/7
  4072 | D:6      | Reached skill level 7 in Unarmed Combat
  4127 | D:6      | Found Kautil's Weapon Shop.
  4300 | D:6      | Found a large runed translucent door.
  4301 | D:6      | Found a large runed translucent door.
  4301 | D:6      | Found a corrupted altar of Lugonu.
  4327 | D:6      | Found a one-way gate to the infinite horrors of the Abyss.
  4844 | D:6      | Reached skill level 5 in Dodging
  4844 | D:6      | Reached XP level 9. HP: 74/92 MP: 8/8
  4927 | D:7      | Found an ornate altar of the Wu Jian Council.
  5137 | D:7      | Reached skill level 8 in Unarmed Combat
  5141 | D:7      | Found a glowing golden altar of the Shining One.
  5163 | D:7      | Reached skill level 1 in Throwing
  5378 | D:7      | Reached **** piety under Trog
  5483 | D:7      | Reached skill level 9 in Unarmed Combat
  5577 | D:7      | Reached XP level 10. HP: 83/104 MP: 9/9
  6017 | D:8      | Noticed a boulder beetle
  6028 | D:8      | Killed a boulder beetle
  6499 | D:9      | Noticed a two-headed ogre
  6512 | D:9      | Killed a two-headed ogre
  6770 | D:9      | Found a staircase to the Lair.
  6774 | D:9      | Reached skill level 5 in Throwing
  6797 | D:9      | Reached skill level 10 in Unarmed Combat
  6920 | D:9      | Found an iron altar of Okawaru.
  6960 | D:9      | You are sucked into a shaft and drop 1 floor!
  6960 | D:10     | Entered Level 10 of the Dungeon
  7043 | D:10     | Reached XP level 11. HP: 113/113 MP: 10/10
  7168 | D:10     | Noticed a two-headed ogre
  7173 | D:10     | Killed a two-headed ogre
  7301 | D:10     | Found Lent's Magic Scroll Boutique.
  7352 | D:10     | Noticed a two-headed ogre
  7360 | D:10     | Killed a two-headed ogre
  7563 | D:10     | Found a burning altar of Makhleb.
  8070 | D:11     | Found a staircase to the Orcish Mines.
  8146 | D:11     | Found Hosiynagg's Assorted Antiques.
  8151 | D:11     | Bought a glowing cloak for 247 gold pieces
  8151 | D:11     | Bought a viscous golden potion for 29 gold pieces
  8239 | D:11     | Noticed a boulder beetle
  8255 | D:11     | Killed a boulder beetle
  8268 | D:11     | Reached skill level 11 in Unarmed Combat
  8295 | D:11     | HP: 1/172 [yak (8)]
  8296 | D:11     | Slain by a yak

Illustrated notes

Levels and vault maps discovered:
D:1:      tarquinn_simple_flora_water_a, layout_basic
D:2:      layout_basic, basic_altar, kennysheep_generic_room_5
D:3:      layout_basic, nicolae_gozag_seed_capital, uniq_sigmund
D:4:      layout_rooms, chequers_temple_overflow_statue_of_worship,
          minmay_temple_entry_enclosed_plants
D:5:      layout_loops_ring, serial_shops, shop, nicolae_nh_ransacked_shop
D:6:      due_chaos_kobolds, layout_basic, serial_shops, shop,
          hangedman_abyss_or_decor_passed, minmay_fountain_box
D:7:      nzn_winding_woodlands_medium [nzn_winding_woodlands_hourglass,
          nzn_winding_woodlands_5x15_longhouse, nzn_winding_woodlands_5x5_three,
          nzn_winding_woodlands_5x5_default,
          nzn_winding_woodlands_center_garden, nzn_winding_woodlands_5x5_cross,
          nzn_winding_woodlands_5x5_checkerboard,
          nzn_winding_woodlands_5x15_cabin,
          nzn_winding_woodlands_5x5_open_star], layout_loops_ring,
          mainiacjoe_overflow_brackets, amcnicky_altar_gilded
D:8:      layout_layer_cave
D:9:      layout_big_octagon, lemuel_coloured_pillars_altar,
          minmay_overflow_temple_star_quad, due_lair_maze_entry_diamond,
          uniq_pikel
D:10:     layout_stronghold, mainiacjoe_overflow_paths, serial_shops,
          nicolae_square_shop, kennysheep_cross_bottleneck
D:11:     layout_irregular_city, david_orc_5, serial_shops, shop,
          nzn_random_ring

Skill      XL: |  1  2  3  4  5  6  7  8  9 10 11 |
---------------+----------------------------------+-----
Stealth        | 1 |  1.0
Fighting       | 3 4 5 6 7 8 9 |  9.3
Dodging        | 3 4 5 6 |  6.9
Unarmed Combat | 4 5 6 7 9 10 11 | 11.1
Throwing       | 3 5 6 |  6.8

Action                     |  1- 3 |  4- 6 |  7- 9 | 10-12 || total
---------------------------+-------+-------+-------+-------++-------
  Melee: Unarmed           |    75 |    87 |   260 |   262 ||   684
         Punch             |       |       |     3 |    12 ||    15
  Throw: Dart              |       |       |       |     2 ||     2
 Invoke: Trog's Hand       |       |     1 |     1 |     2 ||     4
         Berserk           |       |     1 |     4 |     5 ||    10
         Brothers in Arms  |       |       |       |     1 ||     1
  Evoke: Wand              |       |       |     3 |    10 ||    13
    Use: Potion            |       |       |       |     1 ||     1
   Stab: Sleeping          |     1 |     1 |     1 |       ||     3
         Distracted        |     1 |       |     1 |       ||     2
 Armour: Animal skin       |    15 |    22 |    29 |    50 ||   116
  Dodge: Dodged            |    34 |    38 |   186 |   263 ||   521

Table legend: (Time is in decaauts)
 A = Elapsed time spent in this place.
 B = Non-inter-level travel time spent in this place.
 C = Inter-level travel time spent in this place.
 D = Time resting spent in this place.
 E = Time spent auto-exploring this place.
 F = Levels seen in this place.
 G = Mean time per level.
                   A        B        C        D        E       F      G
               +--------+--------+--------+--------+--------+-----+--------+
         Total |   8292 |   7912 |    380 |    383 |   6060 |  11 |  753.8 |
       Dungeon |   8292 |   7912 |    380 |    383 |   6060 |  11 |  753.8 |
               +--------+--------+--------+--------+--------+-----+--------+

Top non-repeatable levels by time:
    D:10: 1086 daAuts
     D:6: 1081 daAuts
     D:2: 1008 daAuts
     D:3: 977 daAuts
     D:5: 886 daAuts
     D:7: 843 daAuts
     D:8: 740 daAuts
     D:1: 513 daAuts
     D:9: 474 daAuts
     D:4: 446 daAuts
    D:11: 233 daAuts
